 Dungeon Crawl Stone Soup version 0.30-a0-1043-g60ff8d5f49 (webtiles) character file.

Game seed: 16934448561528295446

280 xian the Chiller (level 6, -3/34 HPs)
             Began as a Tengu Ice Elementalist on Apr 9, 2023.
             Shot with an arrow by a centaur (6 damage)
             ... on level 5 of the Dungeon.
             The game lasted 00:10:13 (3088 turns).

xian the Chiller (Tengu Ice Elementalist)           Turns: 3088, Time: 00:10:13

Health: -3/34      AC:  3    Str:  8    XL:     6   Next: 27%
Magic:  13/13      EV: 14    Int: 18    God:
Gold:   128        SH:  0    Dex: 14    Spells: 6/13 levels left

rFire   . . .      SeeInvis .    s - staff of cold
rCold   + . .      Faith    .    (no shield)
rNeg    . . .      Spirit   .    d - +0 leather armour
rPois   .          Reflect  .    (helmet restricted)
rElec   .          Rampage  .    (no cloak)
rCorr   .                        (no gloves)
Will    .....                    (boots unavailable)
Stlth   ++                       (no amulet)
HPRegen 0.25/turn                (no ring)
MPRegen 0.13/turn                (no ring)

@: flying quickly and evasively, quick
A: beak, talons 3, nimble flight
a: no special abilities


You were on level 5 of the Dungeon.
You visited 1 branch of the dungeon, and saw 4 of its levels.

You collected 128 gold pieces.

Inventory:

Hand Weapons
 h - a +2 hand axe of freezing
Missiles
 k - 5 boomerangs
 l - 4 throwing nets
Armour
 d - a +0 leather armour (worn)
 x - a +4 ring mail
Magical Staves
 s - a staff of cold (weapon)
Jewellery
 w - the ring "Qaxzaoti" {rElec rPois rC+}
   (You found it on level 5 of the Dungeon)

   [ring of poison resistance]

   rC:        It protects you from cold.
   rElec:     It insulates you from electricity.
   rPois:     It protects you from poison.
Wands
 t - a wand of mindburst (8)
Scrolls
 f - a scroll of torment {unknown}
 g - 3 scrolls of immolation {unknown}
 i - a scroll of vulnerability {unknown}
 m - 2 scrolls of identify
 o - a scroll of poison {unknown}
 u - a scroll of fear {unknown}
 y - a scroll of teleportation
Potions
 a - 2 potions of degeneration {unknown}
 b - a potion of magic
 c - 2 potions of curing
 e - 2 potions of attraction {unknown}
 j - a potion of berserk rage {unknown}
 n - a potion of ambrosia {unknown}
 p - a potion of might {unknown}
 q - a potion of heal wounds {unknown}
 r - a potion of invisibility {unknown}
 v - a potion of flight {unknown}


   Skills:
 + Level 1.0 Fighting
 + Level 0.1 Axes
 * Level 2.1 Armour
 + Level 2.2 Dodging
 + Level 2.0 Stealth
 + Level 4.1 Spellcasting
 + Level 4.9 Ice Magic


You had 6 spell levels left.
You knew the following spells:

 Your Spells              Type           Power      Damage    Failure   Level
a - Freeze                Ice            100%       1d10      2%          1
b - Frozen Ramparts       Ice            64%        1d10      9%          3
c - Ozocubu's Armour      Ice            32%        N/A       9%          3

Your spell library contained the following spells:

 Spells                   Type           Power      Damage    Failure   Level
 Scorch                   Fire           6%         2d5       30%         2
 Summon Ice Beast         Ice/Summ       18%        N/A       58%         4
 Flame Wave               Conj/Fire      3%         2d5       90%         4
 Summon Cactus Giant      Summ           1%         N/A       100%        6


Dungeon Overview and Level Annotations

Branches:
Dungeon (3/15)

Altars:

Shops:
D:1 [


Innate Abilities, Weirdness & Mutations

You have a beak for a mouth.
You have claws for feet.
Your magical nature lets you fly swiftly and evasively.


Message History

You feel a surge of power!
You freeze the hound!
The hound is heavily wounded.
The hound completely misses you. The hound barely misses you.
You feel a surge of power!
You freeze the hound!
You kill the hound!
Your Spellcasting skill increases to level 4!
You can't see any susceptible monsters within range! (Use Z to cast anyway.)
You can't see any susceptible monsters within range! (Use Z to cast anyway.)
You can't see any susceptible monsters within range! (Use Z to cast anyway.)
A centaur comes into view.
The centaur wields a +0 shortbow.
The centaur shoots an arrow.
The arrow hits you!
Casting: Freeze (safe; 2% risk of failure)
Confirm with . or Enter, or press ? or * to list all spells.
You don't know that spell.
A centaur comes into view.
The centaur shoots an arrow.
The arrow hits you!
The centaur wields a +0 shortbow.
The centaur shoots an arrow.
The arrow misses you.
The centaur shoots an arrow.
The arrow hits you.
* * * LOW HITPOINT WARNING * * *
The centaur shoots an arrow.
The arrow hits you.
* * * LOW HITPOINT WARNING * * *
The centaur shoots an arrow.
The arrow closely misses you.
You hear a shout!
It was a potion of curing.
You feel better.
The centaur shoots an arrow.
The arrow hits you!
* * * LOW HITPOINT WARNING * * *
The centaur shoots an arrow.
The arrow closely misses you.
Okay, then.
Okay, then.
Okay, then.
Okay, then.
Okay, then.
As you read the scroll labelled APIOCE ZAOJE, it crumbles to dust.
It is a scroll of identify.
y - a scroll of teleportation A centaur comes into view.
The centaur shoots an arrow.
The arrow barely misses you.
The centaur shoots an arrow.
The arrow hits you.
You die...

.............# #.#
####.........### #.#######
#.......#...### #........
##.....####...########........
##...## ####.................
#..#####..#...#.............
### #........##............#
.........##....#......##
##.....@####...##....##.
##.....# #...####'##.. #.....#
#...###...##. cc......#
#...##.....## ..#....##
#..#'#.......# .##..c#
#..##.##.....## ..#.
#.##...##...##. ..#..
#.+.....##'##..
####...##...##.


You could see 3 centaurs.

Vanquished Creatures
  A howler monkey (D:5)
  2 hounds (D:5)
  2 iguanas (D:5)
  A sleepcap (D:5)
  6 adders
  A worm (D:2)
  3 dart slugs
  6 ball pythons
  3 bats
  3 endoplasms (D:2)
  3 giant cockroaches
  5 goblins
  4 hobgoblins (D:1)
  2 jackals (D:2)
  3 quokkas (D:3)
  A frilled lizard (D:1)
  A kobold (D:3)
  2 rats
49 creatures vanquished.

Notes
Turn   | Place    | Note
-------+----------+-------------------------------------------
     0 | D:1      | xian the Tengu Ice Elementalist began the quest for the
                  | Orb.
     0 | D:1      | Reached XP level 1. HP: 10/10 MP: 4/4
   288 | D:1      | Reached XP level 2. HP: 15/15 MP: 0/6
   507 | D:1      | Found Rivil's Antique Armour Boutique.
  1168 | D:1      | Reached XP level 3. HP: 19/19 MP: 5/7
  1262 | D:2      | Learned a level 3 spell: Frozen Ramparts
  1499 | D:2      | Reached skill level 1 in Fighting
  1648 | D:2      | Found a faded altar of an unknown god.
  2034 | D:3      | Reached XP level 4. HP: 25/25 MP: 5/8
  2085 | D:3      | Learned a level 3 spell: Ozocubu's Armour
  2120 | D:3      | Reached skill level 1 in Armour
  2310 | D:3      | You fall into a shaft and drop 2 floors!
  2310 | D:5      | Entered Level 5 of the Dungeon
  2327 | D:5      | Identified the ring "Qaxzaoti" {rElec rPois rC+}
  2429 | D:5      | Gained mutation: Your magical nature lets you fly swiftly
                  | and evasively. [Tengu growth]
  2429 | D:5      | Reached XP level 5. HP: 21/29 MP: 2/10
  2932 | D:5      | Reached XP level 6. HP: 32/34 MP: 6/12
  3088 | D:5      | Shot with an arrow by a centaur

Illustrated notes

Levels and vault maps discovered:
D:1:      dpeg_arrival_connections, layout_basic, serial_shops,
          nicolae_shop_temple_entry_statues_fountains
D:2:      layout_rooms, ebering_ecumenical_altar_mist
D:3:      layout_loops_ring
D:5:      layout_cave_pods, nicolae_hexahallways, kennysheep_small_spiral,
          minivault_23, minmay_manual_mares

Skill      XL: |  1  2  3  4  5  6 |
---------------+-------------------+-----
Ice Magic      | 4 |  4.9
Fighting       | 1 |  1.0
Armour         | 1 2 |  2.1
Spellcasting   | 3 4 |  4.1
Axes           | |  0.1
Dodging        | |  2.2
Stealth        | |  2.0

Action                     |  1- 3 |  4- 6 || total
---------------------------+-------+-------++-------
  Melee: Dagger            |     6 |       ||     6
         Hand axe          |     6 |       ||     6
         Peck              |     1 |       ||     1
         Kick              |     1 |       ||     1
   Cast: Freeze            |    56 |    30 ||    86
         Frozen Ramparts   |     1 |     3 ||     4
         Ozocubu's Armour  |       |     1 ||     1
    Use: Scroll            |       |     1 ||     1
         Potion            |       |     1 ||     1
   Stab: Sleeping          |     1 |       ||     1
 Armour: Robe              |     2 |       ||     2
         Leather armour    |    12 |     5 ||    17
  Dodge: Dodged            |    45 |    24 ||    69

Table legend: (Time is in decaauts)
 A = Elapsed time spent in this place.
 B = Non-inter-level travel time spent in this place.
 C = Inter-level travel time spent in this place.
 D = Time resting spent in this place.
 E = Time spent auto-exploring this place.
 F = Levels seen in this place.
 G = Mean time per level.
                   A        B        C        D        E       F      G
               +--------+--------+--------+--------+--------+-----+--------+
         Total |   3052 |   3033 |     19 |      0 |   2588 |   4 |  763.0 |
       Dungeon |   3052 |   3033 |     19 |      0 |   2588 |   4 |  763.0 |
               +--------+--------+--------+--------+--------+-----+--------+

Top non-repeatable levels by time:
     D:1: 1245 daAuts
     D:5: 742 daAuts
     D:2: 657 daAuts
     D:3: 407 daAuts
